2043 views
Uploaded 2022-07-17 00:08:33
Game version 1.32.10
61:07 long 1on1on1on1 ladder game on (6)NeonCity
Saved by ǢƂŎ
2043 views
Uploaded 2022-07-17 00:08:33
Game version 1.32.10
61:07 long 1on1on1on1 ladder game on (6)NeonCity

59 units @ 8.2k
/ 1.2k
80 buildings @ 11.4k
/ 5.7k



| Healing Salve | 3 | 300 |
| Orb of Lightning | 1 | 375 |
| Potion of Healing | 3 | 450 |
| Lesser Clarity Potion | 2 | 140 |
| Potion of Mana | 1 | 200 |
| Scroll of Town Portal | 2 | 700 |
| Potion of Lesser Invulnerability | 1 | 150 |
| Boots of Speed | 1 | 250 |
| Potion of Invulnerability | 2 | 800 |
| The Lion Horn of Stormwind | 1 | 400 |
| Alleria's Flute of Accuracy | 1 | 400 |
| Staff of Silence | 1 | 600 |
| Claws of Attack +9 | 1 | 300 |
| Khadgar's Gem of Health | 2 | 1200 |
| Sentry Wards | 1 | 150 |
| Pendant of Mana | 2 | 1200 |
| Khadgar's Pipe of Insight | 1 | 500 |
| Legion Doom-Horn | 1 | 500 |
| Claws of Attack +12 | 1 | 500 |
| total: | 28 | 9115g |
| Peon | 18 | 1350 | / | 0 |
| Troll Headhunter | 8 | 1120 | / | 160 |
| Troll Witch Doctor | 10 | 1450 | / | 250 |
| Troll Berserker | 8 | 1120 | / | 160 |
| Shaman | 5 | 650 | / | 100 |
| Kodo Beast | 1 | 255 | / | 60 |
| Spirit Walker | 4 | 780 | / | 140 |
| Tauren | 3 | 840 | / | 240 |
| Wind Rider | 1 | 265 | / | 40 |
| Goblin Shredder | 1 | 375 | / | 100 |
| total: | 59 | 8205g | / | 1250w |
| Watch Tower | 49 | 5390 | / | 3920 |
| Altar of Storms | 1 | 180 | / | 50 |
| Orc Burrow | 6 | 960 | / | 240 |
| Voodoo Lounge | 4 | 520 | / | 120 |
| War Mill | 11 | 2255 | / | 0 |
| Barracks | 1 | 180 | / | 50 |
| Great Hall | 3 | 1155 | / | 555 |
| Spirit Lodge | 2 | 300 | / | 300 |
| Beastiary | 1 | 145 | / | 140 |
| Tauren Totem | 2 | 270 | / | 310 |
| Stronghold | 1 | 315 | / | 190 |
| Fortress | 2 | 650 | / | 380 |
| total: | 80 | 11355g | / | 5685w |
| 0:01 | Peon |
| 0:04 | Altar of Storms |
| 0:11 | Orc Burrow |
| 0:13 | Peon |
| 0:13 | Peon |
| 0:22 | Peon |
| 0:48 | Voodoo Lounge |
| 0:53 | Peon |
| 1:12 | War Mill |
| 1:20 | Peon |
| 1:32 | Barracks |
| 1:38 | Peon |
| 1:59 | Peon |
| 2:03 | Healing Salve |
| 2:17 | Wind Walk |
| 2:23 | Orc Burrow |
| 2:36 | Peon |
| 2:37 | Troll Headhunter |
| 2:37 | Troll Headhunter |
| 3:11 | Stronghold |
| 3:22 | Troll Headhunter |
| 3:35 | Troll Headhunter |
| 3:43 | Steel Ranged Weapons |
| 4:01 | Troll Headhunter |
| 4:20 | Orc Burrow |
| 4:24 | Critical Strike |
| 4:40 | Troll Headhunter |
| 4:43 | Spiked Barricades |
| 5:01 | Troll Headhunter |
| 5:43 | Troll Regeneration |
| 5:47 | Critical Strike |
| 6:21 | Great Hall |
| 6:39 | Healing Salve |
| 6:39 | Healing Salve |
| 6:58 | Goblin Shredder |
| 7:22 | Reinforced Defenses |
| 7:26 | Watch Tower |
| 7:48 | Hex |
| 8:02 | Fortress |
| 8:34 | Orc Burrow |
| 9:04 | Watch Tower |
| 9:10 | Spirit Lodge |
| 9:11 | Spirit Lodge |
| 9:40 | Healing Wave |
| 9:51 | Thorium Ranged Weapons |
| 9:53 | Orc Burrow |
| 9:55 | Steel Armor |
| 9:59 | Wind Walk |
| 10:06 | Watch Tower |
| 10:23 | Troll Headhunter |
| 10:29 | Berserker Upgrade |
| 10:42 | Peon |
| 10:42 | Peon |
| 10:45 | Troll Witch Doctor |
| 10:45 | Troll Witch Doctor |
| 10:46 | Witch Doctor Adept Training |
| 11:38 | Orb of Lightning |
| 11:40 | Scroll of Town Portal |
| 11:47 | Troll Witch Doctor |
| 11:51 | Witch Doctor Master Training |
| 11:52 | Troll Berserker |
| 12:07 | Great Hall |
| 12:08 | Watch Tower |
| 12:18 | War Stomp |
| 12:23 | Potion of Lesser Invulnerability |
| 12:31 | Voodoo Lounge |
| 12:54 | Troll Witch Doctor |
| 13:14 | Watch Tower |
| 13:31 | Boots of Speed |
| 13:35 | Watch Tower |
| 13:58 | Arcanite Ranged Weapons |
| 13:58 | Thorium Armor |
| 14:00 | Shaman |
| 14:00 | Shaman |
| 14:18 | Watch Tower |
| 14:21 | Troll Witch Doctor |
| 14:24 | Shaman Adept Training |
| 14:36 | Beastiary |
| 15:01 | Watch Tower |
| 15:31 | Peon |
| 15:31 | Peon |
| 15:31 | Peon |
| 15:31 | Peon |
| 15:33 | Watch Tower |
| 15:39 | Endurance Aura |
| 15:51 | Troll Witch Doctor |
| 15:52 | Watch Tower |
| 15:54 | Shaman Master Training |
| 15:55 | Watch Tower |
| 15:59 | Improved Spiked Barricades |
| 16:16 | Potion of Invulnerability |
| 17:02 | Troll Berserker |
| 17:19 | The Lion Horn of Stormwind |
| 17:20 | Alleria's Flute of Accuracy |
| 17:25 | Watch Tower |
| 17:34 | Watch Tower |
| 17:34 | Watch Tower |
| 17:37 | Shaman |
| 17:38 | Kodo Beast |
| 17:48 | Staff of Silence |
| 17:56 | Healing Wave |
| 18:02 | Watch Tower |
| 18:31 | Potion of Healing |
| 18:42 | Potion of Healing |
| 18:59 | Watch Tower |
| 19:03 | Arcanite Armor |
| 19:08 | Troll Berserker |
| 19:08 | Troll Berserker |
| 19:08 | Troll Berserker |
| 19:10 | War Drums Damage Increase |
| 19:17 | Watch Tower |
| 19:18 | Watch Tower |
| 19:20 | Watch Tower |
| 19:28 | War Mill |
| 19:29 | Peon |
| 19:48 | Watch Tower |
| 20:24 | Scroll of Town Portal |
| 20:31 | War Mill |
| 20:42 | Tauren Totem |
| 20:42 | Tauren Totem |
| 20:43 | Watch Tower |
| 20:56 | War Mill |
| 20:57 | Voodoo Lounge |
| 21:06 | Troll Berserker |
| 21:53 | Critical Strike |
| 22:13 | Spirit Walker Adept Training |
| 22:14 | Spirit Walker |
| 22:14 | Spirit Walker |
| 22:15 | Watch Tower |
| 22:16 | Watch Tower |
| 22:16 | Watch Tower |
| 22:18 | Troll Witch Doctor |
| 22:36 | Watch Tower |
| 22:54 | Potion of Invulnerability |
| 22:55 | Claws of Attack +9 |
| 23:14 | Shaman |
| 23:23 | Hex |
| 23:31 | Watch Tower |
| 23:32 | Watch Tower |
| 23:33 | Watch Tower |
| 23:46 | Watch Tower |
| 24:04 | Spirit Walker Master Training |
| 24:05 | Pulverize |
| 24:17 | Watch Tower |
| 24:56 | Watch Tower |
| 24:57 | Watch Tower |
| 25:19 | Troll Berserker |
| 25:19 | Troll Berserker |
| 25:21 | Watch Tower |
| 26:05 | Potion of Healing |
| 26:19 | Lesser Clarity Potion |
| 26:19 | Potion of Mana |
| 26:25 | Troll Witch Doctor |
| 26:28 | Watch Tower |
| 26:29 | Watch Tower |
| 26:32 | Tauren |
| 26:34 | Steel Melee Weapons |
| 26:42 | Great Hall |
| 26:42 | Watch Tower |
| 27:09 | Watch Tower |
| 27:16 | Orc Burrow |
| 27:41 | Watch Tower |
| 27:46 | Lesser Clarity Potion |
| 27:53 | Shaman |
| 27:54 | Watch Tower |
| 28:37 | Watch Tower |
| 28:41 | Watch Tower |
| 28:42 | Watch Tower |
| 28:44 | Watch Tower |
| 29:38 | Envenomed Spears |
| 29:40 | War Mill |
| 29:44 | Watch Tower |
| 29:46 | War Mill |
| 29:48 | War Mill |
| 29:54 | Voodoo Lounge |
| 29:57 | Khadgar's Gem of Health |
| 30:03 | Sentry Wards |
| 30:39 | Peon |
| 30:48 | Pendant of Mana |
| 30:56 | Khadgar's Pipe of Insight |
| 31:02 | War Mill |
| 31:06 | Watch Tower |
| 31:07 | Watch Tower |
| 31:25 | Peon |
| 32:13 | War Mill |
| 32:18 | Watch Tower |
| 32:19 | Watch Tower |
| 32:27 | Legion Doom-Horn |
| 32:29 | Pendant of Mana |
| 32:44 | Tauren |
| 33:30 | Watch Tower |
| 33:44 | Spirit Walker |
| 33:47 | Wind Rider |
| 33:53 | War Mill |
| 33:55 | War Mill |
| 34:36 | Claws of Attack +12 |
| 34:52 | Troll Witch Doctor |
| 34:53 | Thorium Melee Weapons |
| 34:59 | Khadgar's Gem of Health |
| 36:06 | War Stomp |
| 36:26 | Spirit Walker |
| 36:42 | Troll Witch Doctor |
| 37:54 | Tauren |
| Right click | 2926 |
| Select | 1456 |
| Select group | 1184 |
| Build/train/purchase | 210 |
| Use ability | 165 |
| Misc. action | 121 |
| Assign group | 90 |
| Item give/drop | 15 |
| Esc | 1 |
47 units @ 6.3k
/ 0.8k
82 buildings @ 7.3k
/ 3.6k



x1)
| Scroll of Regeneration | 3 | 300 |
| Lesser Clarity Potion | 2 | 140 |
| Mechanical Critter | 1 | 50 |
| Staff of Sanctuary | 3 | 750 |
| Orb of Fire | 2 | 650 |
| Scroll of Town Portal | 3 | 1050 |
| Periapt of Vitality | 2 | 650 |
| Potion of Lesser Invulnerability | 2 | 300 |
| Tome of Retraining | 1 | 300 |
| Runed Bracers | 1 | 400 |
| Legion Doom-Horn | 1 | 500 |
| Ring of Regeneration | 1 | 300 |
| Pendant of Energy | 1 | 300 |
| Medallion of Courage | 1 | 500 |
| Ring of Protection +4 | 1 | 300 |
| Scourge Bone Chimes | 1 | 400 |
| Pendant of Mana | 1 | 600 |
| total: | 27 | 7490g |
| Peasant | 18 | 1350 | / | 0 |
| Footman | 9 | 1215 | / | 0 |
| Spell Breaker | 3 | 645 | / | 90 |
| Priest | 3 | 405 | / | 30 |
| Mortar Team | 2 | 360 | / | 140 |
| Sorceress | 3 | 465 | / | 60 |
| Flying Machine | 4 | 400 | / | 120 |
| Knight | 2 | 490 | / | 120 |
| Gryphon Rider | 2 | 560 | / | 140 |
| Goblin Shredder | 1 | 375 | / | 100 |
| total: | 47 | 6265g | / | 800w |
| Scout Tower | 42 | 1260 | / | 840 |
| Arcane Tower | 7 | 490 | / | 350 |
| Guard Tower | 17 | 1190 | / | 850 |
| Altar of Kings | 2 | 360 | / | 100 |
| Farm | 12 | 960 | / | 240 |
| Barracks | 1 | 160 | / | 60 |
| Town Hall | 5 | 1925 | / | 1025 |
| Arcane Vault | 1 | 130 | / | 30 |
| Lumber Mill | 9 | 1080 | / | 0 |
| Blacksmith | 1 | 140 | / | 60 |
| Cannon Tower | 4 | 480 | / | 400 |
| Arcane Sanctum | 3 | 450 | / | 420 |
| Workshop | 4 | 560 | / | 560 |
| Gryphon Aviary | 2 | 280 | / | 300 |
| Keep | 1 | 320 | / | 210 |
| Castle | 1 | 360 | / | 210 |
| total: | 82 | 7305g | / | 3635w |
| 0:02 | Peasant |
| 0:02 | Peasant |
| 0:02 | Peasant |
| 0:06 | Altar of Kings |
| 0:12 | Farm |
| 0:20 | Barracks |
| 0:27 | Peasant |
| 0:43 | Peasant |
| 0:51 | Farm |
| 0:58 | Peasant |
| 1:13 | Peasant |
| 1:18 | Peasant |
| 1:26 | Footman |
| 1:43 | Farm |
| 1:48 | Peasant |
| 1:57 | Footman |
| 2:04 | Peasant |
| 2:07 | Summon Water Elemental |
| 2:29 | Farm |
| 2:30 | Footman |
| 2:32 | Peasant |
| 2:48 | Footman |
| 2:56 | Peasant |
| 3:14 | Peasant |
| 3:14 | Peasant |
| 3:39 | Brilliance Aura |
| 3:45 | Town Hall |
| 3:57 | Scout Tower |
| 4:25 | Arcane Tower |
| 4:38 | Scout Tower |
| 4:47 | Peasant |
| 4:51 | Keep |
| 4:55 | Summon Water Elemental |
| 5:02 | Arcane Vault |
| 5:06 | Lumber Mill |
| 5:11 | Farm |
| 5:12 | Arcane Tower |
| 5:30 | Farm |
| 5:56 | Footman |
| 5:56 | Footman |
| 6:06 | Scout Tower |
| 6:30 | Scout Tower |
| 6:31 | Peasant |
| 6:37 | Scout Tower |
| 6:38 | Footman |
| 6:40 | Arcane Tower |
| 7:10 | Scout Tower |
| 7:15 | Scout Tower |
| 7:16 | Guard Tower |
| 7:25 | Breath of Fire |
| 7:55 | Castle |
| 8:56 | Scout Tower |
| 8:59 | Scroll of Regeneration |
| 9:02 | Lesser Clarity Potion |
| 9:02 | Mechanical Critter |
| 9:04 | Scroll of Town Portal |
| 9:11 | Footman |
| 9:14 | Scout Tower |
| 9:15 | Guard Tower |
| 9:20 | Blacksmith |
| 9:25 | Arcane Sanctum |
| 9:27 | Guard Tower |
| 9:48 | Footman |
| 10:13 | Goblin Shredder |
| 10:22 | Guard Tower |
| 10:28 | Scout Tower |
| 10:46 | Arcane Sanctum |
| 10:48 | Magic Sentry |
| 10:48 | Priest Adept Training |
| 10:48 | Control Magic |
| 10:50 | Iron Forged Swords |
| 11:02 | Farm |
| 11:03 | Arcane Tower |
| 11:22 | Brilliance Aura |
| 11:24 | Drunken Brawler |
| 11:30 | Animal War Training |
| 11:43 | Staff of Sanctuary |
| 11:43 | Orb of Fire |
| 11:43 | Scroll of Regeneration |
| 11:43 | Lesser Clarity Potion |
| 12:03 | Holy Light |
| 12:16 | Scout Tower |
| 12:33 | Town Hall |
| 12:35 | Priest Master Training |
| 12:36 | Sorceress Adept Training |
| 12:36 | Spell Breaker |
| 12:39 | Improved Masonry |
| 12:39 | Improved Lumber Harvesting |
| 12:46 | Scout Tower |
| 12:48 | Guard Tower |
| 13:09 | Runed Bracers |
| 13:10 | Legion Doom-Horn |
| 13:18 | Ring of Regeneration |
| 13:28 | Pendant of Energy |
| 13:29 | Medallion of Courage |
| 13:30 | Periapt of Vitality |
| 13:32 | Ring of Protection +4 |
| 13:42 | Town Hall |
| 13:44 | Scout Tower |
| 13:45 | Guard Tower |
| 13:50 | Steel Forged Swords |
| 13:50 | Iron Plating |
| 13:51 | Advanced Masonry |
| 14:02 | Lumber Mill |
| 14:04 | Workshop |
| 14:09 | Lumber Mill |
| 14:12 | Workshop |
| 14:28 | Arcane Sanctum |
| 14:40 | Guard Tower |
| 14:46 | Divine Shield |
| 14:54 | Spell Breaker |
| 14:58 | Workshop |
| 15:00 | Scout Tower |
| 15:24 | Periapt of Vitality |
| 15:24 | Potion of Lesser Invulnerability |
| 15:34 | Workshop |
| 15:35 | Barrage |
| 15:39 | Arcane Tower |
| 15:59 | Farm |
| 16:01 | Sorceress Master Training |
| 16:09 | Tome of Retraining |
| 16:09 | Retrain Hero |
| 16:12 | Blizzard |
| 16:12 | Blizzard |
| 16:12 | Brilliance Aura |
| 16:12 | Brilliance Aura |
| 16:14 | Potion of Lesser Invulnerability |
| 16:18 | Scout Tower |
| 16:21 | Steel Plating |
| 16:43 | Flak Cannons |
| 16:51 | Arcane Tower |
| 16:54 | Farm |
| 17:09 | Scout Tower |
| 17:11 | Imbued Masonry |
| 17:25 | Breath of Fire |
| 17:36 | Scourge Bone Chimes |
| 18:01 | Scroll of Regeneration |
| 18:03 | Scroll of Town Portal |
| 18:09 | Priest |
| 18:14 | Scout Tower |
| 18:15 | Scout Tower |
| 18:17 | Town Hall |
| 18:19 | Guard Tower |
| 18:34 | Staff of Sanctuary |
| 18:36 | Orb of Fire |
| 18:57 | Guard Tower |
| 19:00 | Lumber Mill |
| 19:03 | Lumber Mill |
| 19:09 | Mithril Forged Swords |
| 19:10 | Mithril Plating |
| 19:17 | Gryphon Aviary |
| 19:36 | Fragmentation Shards |
| 19:37 | Flare |
| 19:43 | Lumber Mill |
| 19:47 | Scout Tower |
| 19:50 | Guard Tower |
| 19:52 | Scout Tower |
| 19:52 | Scout Tower |
| 19:53 | Scout Tower |
| 20:13 | Pendant of Mana |
| 20:29 | Scout Tower |
| 20:32 | Scout Tower |
| 20:34 | Guard Tower |
| 20:48 | Lumber Mill |
| 21:04 | Scout Tower |
| 21:05 | Cannon Tower |
| 21:32 | Priest |
| 21:36 | Guard Tower |
| 21:45 | Peasant |
| 21:45 | Peasant |
| 21:49 | Scout Tower |
| 21:50 | Arcane Tower |
| 21:57 | Priest |
| 22:03 | Scout Tower |
| 22:04 | Storm Hammers |
| 22:18 | Lumber Mill |
| 22:19 | Guard Tower |
| 22:23 | Black Gunpowder |
| 22:24 | Studded Leather Armor |
| 22:31 | Mortar Team |
| 22:39 | Farm |
| 23:00 | Sorceress |
| 23:01 | Sorceress |
| 23:03 | Flying Machine |
| 23:08 | Knight |
| 23:26 | Scout Tower |
| 23:27 | Guard Tower |
| 23:35 | Knight |
| 24:17 | Flying Machine |
| 24:20 | Guard Tower |
| 24:22 | Lumber Mill |
| 24:55 | Sorceress |
| 28:43 | Town Hall |
| 28:49 | Gryphon Rider |
| 29:14 | Scout Tower |
| 29:28 | Altar of Kings |
| 29:33 | Gryphon Aviary |
| 29:38 | Refined Gunpowder |
| 29:38 | Reinforced Leather Armor |
| 29:43 | Scroll of Town Portal |
| 29:47 | Staff of Sanctuary |
| 29:53 | Scout Tower |
| 29:54 | Guard Tower |
| 30:09 | Scout Tower |
| 30:15 | Scout Tower |
| 30:18 | Scout Tower |
| 30:19 | Scout Tower |
| 30:21 | Cannon Tower |
| 30:43 | Mortar Team |
| 30:53 | Cannon Tower |
| 30:54 | Scout Tower |
| 30:59 | Gryphon Rider |
| 31:40 | Spell Breaker |
| 32:11 | Scout Tower |
| 32:13 | Farm |
| 32:14 | Scout Tower |
| 33:16 | Scout Tower |
| 33:18 | Cannon Tower |
| 34:23 | Scout Tower |
| 34:27 | Guard Tower |
| 34:43 | Farm |
| 35:05 | Flying Machine |
| 35:05 | Flying Machine |
| 35:12 | Scout Tower |
| 35:15 | Scout Tower |
| 35:25 | Scout Tower |
| Select | 873 |
| Right click | 741 |
| Build/train/purchase | 196 |
| Misc. action | 166 |
| Use ability | 104 |
| Chat | 101 |
| Select group | 97 |
| Assign group | 28 |
| Item give/drop | 11 |
| Remove unit | 1 |
83 units @ 15k
/ 2.6k
67 buildings @ 10.3k
/ 5.7k



| Healing Salve | 6 | 600 |
| Lesser Clarity Potion | 10 | 700 |
| Orb of Lightning | 2 | 750 |
| Tiny Great Hall | 1 | 600 |
| Scroll of Speed | 1 | 50 |
| Potion of Mana | 11 | 2200 |
| Scroll of Healing | 3 | 750 |
| Scroll of Town Portal | 9 | 3150 |
| Periapt of Vitality | 1 | 325 |
| Potion of Lesser Invulnerability | 1 | 150 |
| Medallion of Courage | 3 | 1500 |
| Sentry Wards | 2 | 300 |
| Khadgar's Pipe of Insight | 1 | 500 |
| Claws of Attack +9 | 2 | 600 |
| Claws of Attack +12 | 1 | 500 |
| Wand of the Wind | 1 | 450 |
| The Lion Horn of Stormwind | 1 | 400 |
| Staff of Silence | 1 | 600 |
| Helm of Valor | 1 | 500 |
| Legion Doom-Horn | 1 | 500 |
| Amulet of Spell Shield | 1 | 600 |
| Scourge Bone Chimes | 1 | 400 |
| Khadgar's Gem of Health | 1 | 600 |
| total: | 62 | 16725g |
| Peon | 21 | 1575 | / | 0 |
| Troll Headhunter | 7 | 980 | / | 140 |
| Troll Witch Doctor | 8 | 1160 | / | 200 |
| Troll Berserker | 6 | 840 | / | 120 |
| Kodo Beast | 2 | 510 | / | 120 |
| Shaman | 4 | 520 | / | 80 |
| Wind Rider | 16 | 4240 | / | 640 |
| Spirit Walker | 4 | 780 | / | 140 |
| Tauren | 8 | 2240 | / | 640 |
| Demolisher | 1 | 220 | / | 50 |
| Goblin Shredder | 4 | 1500 | / | 400 |
| Goblin Zeppelin | 2 | 480 | / | 120 |
| total: | 83 | 15045g | / | 2650w |
| Watch Tower | 33 | 3630 | / | 2640 |
| Orc Burrow | 9 | 1440 | / | 360 |
| Altar of Storms | 1 | 180 | / | 50 |
| War Mill | 1 | 205 | / | 0 |
| Barracks | 5 | 900 | / | 250 |
| Voodoo Lounge | 4 | 520 | / | 120 |
| Great Hall | 6 | 2310 | / | 1110 |
| Spirit Lodge | 2 | 300 | / | 300 |
| Tauren Totem | 2 | 270 | / | 310 |
| Beastiary | 4 | 580 | / | 560 |
| Stronghold | 2 | 630 | / | 380 |
| Fortress | 1 | 325 | / | 190 |
| total: | 67 | 10335g | / | 5700w |
| 0:01 | Peon |
| 0:02 | Peon |
| 0:18 | Orc Burrow |
| 0:21 | Peon |
| 0:34 | Altar of Storms |
| 0:36 | Peon |
| 0:50 | War Mill |
| 0:51 | Peon |
| 1:05 | Barracks |
| 1:16 | Peon |
| 1:25 | Peon |
| 1:39 | Orc Burrow |
| 1:44 | Peon |
| 2:08 | Troll Headhunter |
| 2:26 | Voodoo Lounge |
| 2:27 | Voodoo Lounge |
| 2:29 | Troll Headhunter |
| 2:36 | Mirror Image |
| 2:47 | Troll Headhunter |
| 3:09 | Stronghold |
| 3:25 | Troll Headhunter |
| 3:46 | Troll Headhunter |
| 3:51 | Orc Burrow |
| 4:05 | Critical Strike |
| 4:06 | Troll Headhunter |
| 4:14 | Healing Salve |
| 4:47 | Great Hall |
| 5:28 | Mirror Image |
| 5:56 | Goblin Shredder |
| 5:56 | Goblin Shredder |
| 6:23 | Healing Salve |
| 6:24 | Fortress |
| 6:25 | Troll Regeneration |
| 6:28 | Healing Salve |
| 6:32 | Hex |
| 7:21 | Orc Burrow |
| 8:07 | Healing Wave |
| 8:07 | Healing Wave |
| 8:37 | Troll Headhunter |
| 8:40 | Healing Salve |
| 8:40 | Lesser Clarity Potion |
| 9:01 | Berserker Upgrade |
| 9:02 | Reinforced Defenses |
| 9:03 | Steel Ranged Weapons |
| 9:03 | Steel Armor |
| 9:04 | Spirit Lodge |
| 9:06 | Tauren Totem |
| 9:12 | Critical Strike |
| 9:23 | Barracks |
| 10:03 | War Stomp |
| 10:04 | Orb of Lightning |
| 10:05 | Tiny Great Hall |
| 10:07 | Scroll of Speed |
| 10:07 | Lesser Clarity Potion |
| 10:07 | Potion of Mana |
| 10:19 | Spirit Lodge |
| 10:23 | Tauren Totem |
| 10:25 | Spirit Walker Adept Training |
| 10:25 | Spirit Walker Master Training |
| 10:37 | Watch Tower |
| 11:04 | Troll Witch Doctor |
| 11:04 | Witch Doctor Adept Training |
| 11:15 | Healing Wave |
| 11:33 | Periapt of Vitality |
| 11:45 | Scroll of Healing |
| 11:45 | Potion of Lesser Invulnerability |
| 12:17 | Thorium Ranged Weapons |
| 12:17 | Thorium Armor |
| 12:18 | Orc Burrow |
| 12:19 | Orc Burrow |
| 12:21 | Orc Burrow |
| 12:57 | Witch Doctor Master Training |
| 12:57 | Shaman Adept Training |
| 13:36 | Endurance Aura |
| 13:42 | Beastiary |
| 13:43 | Beastiary |
| 14:09 | Shaman Master Training |
| 14:10 | Beastiary |
| 14:12 | Troll Witch Doctor |
| 14:30 | Peon |
| 14:30 | Peon |
| 14:30 | Peon |
| 14:30 | Peon |
| 14:30 | Peon |
| 14:43 | War Stomp |
| 14:44 | Critical Strike |
| 14:47 | Arcanite Ranged Weapons |
| 15:02 | Medallion of Courage |
| 15:07 | Sentry Wards |
| 15:27 | Watch Tower |
| 15:28 | Watch Tower |
| 15:34 | Orc Burrow |
| 17:09 | Beastiary |
| 17:14 | Hex |
| 17:23 | Arcanite Armor |
| 17:23 | Steel Melee Weapons |
| 17:26 | War Drums Damage Increase |
| 17:34 | Scroll of Town Portal |
| 17:37 | Potion of Mana |
| 17:38 | Lesser Clarity Potion |
| 17:41 | Potion of Mana |
| 17:41 | Scroll of Town Portal |
| 19:06 | Troll Berserker |
| 19:11 | Envenomed Spears |
| 19:13 | Kodo Beast |
| 19:26 | Watch Tower |
| 19:27 | Watch Tower |
| 19:27 | Watch Tower |
| 19:33 | Healing Salve |
| 19:35 | Orb of Lightning |
| 19:37 | Scroll of Town Portal |
| 19:38 | Scroll of Town Portal |
| 19:52 | Barracks |
| 20:24 | Barracks |
| 20:31 | Watch Tower |
| 20:33 | Watch Tower |
| 20:33 | Watch Tower |
| 20:34 | Watch Tower |
| 20:34 | Watch Tower |
| 20:42 | Khadgar's Pipe of Insight |
| 20:42 | Medallion of Courage |
| 20:44 | Claws of Attack +9 |
| 21:03 | Great Hall |
| 22:07 | Troll Berserker |
| 22:18 | Pulverize |
| 22:22 | Troll Witch Doctor |
| 22:31 | Scroll of Town Portal |
| 22:32 | Lesser Clarity Potion |
| 22:34 | Potion of Mana |
| 22:37 | Healing Salve |
| 22:44 | Watch Tower |
| 23:11 | Thorium Melee Weapons |
| 23:19 | Claws of Attack +12 |
| 23:25 | Wand of the Wind |
| 23:36 | Spiked Barricades |
| 23:41 | Watch Tower |
| 23:42 | Watch Tower |
| 24:11 | Lesser Clarity Potion |
| 24:14 | Potion of Mana |
| 24:16 | Scroll of Town Portal |
| 24:27 | Watch Tower |
| 24:28 | Watch Tower |
| 24:29 | Watch Tower |
| 24:51 | Medallion of Courage |
| 24:56 | The Lion Horn of Stormwind |
| 25:03 | Orc Burrow |
| 26:27 | Goblin Zeppelin |
| 26:33 | Shaman |
| 26:33 | Troll Witch Doctor |
| 27:13 | Great Hall |
| 27:14 | Watch Tower |
| 27:14 | Watch Tower |
| 27:15 | Watch Tower |
| 27:16 | Watch Tower |
| 27:17 | Watch Tower |
| 27:32 | Sentry Wards |
| 28:31 | Liquid Fire |
| 28:31 | Ensnare |
| 28:33 | Watch Tower |
| 28:34 | Watch Tower |
| 28:34 | Watch Tower |
| 28:34 | Watch Tower |
| 28:40 | Watch Tower |
| 28:41 | Watch Tower |
| 28:42 | Watch Tower |
| 28:42 | Watch Tower |
| 29:11 | Improved Spiked Barricades |
| 29:26 | Watch Tower |
| 29:43 | Staff of Silence |
| 30:00 | Voodoo Lounge |
| 30:02 | Barracks |
| 31:27 | Goblin Zeppelin |
| 32:11 | Goblin Shredder |
| 32:18 | Peon |
| 32:18 | Peon |
| 32:18 | Peon |
| 32:26 | Wind Rider |
| 32:28 | Spirit Walker |
| 32:29 | Tauren |
| 33:14 | Wind Rider |
| 33:28 | Scroll of Town Portal |
| 34:21 | Demolisher |
| 34:21 | Burning Oil |
| 34:45 | Lesser Clarity Potion |
| 34:46 | Potion of Mana |
| 34:51 | Lesser Clarity Potion |
| 34:51 | Potion of Mana |
| 35:10 | Arcanite Melee Weapons |
| 36:20 | Wind Rider |
| 36:24 | Tauren |
| 36:25 | Spirit Walker |
| 36:51 | Shaman |
| 36:51 | Troll Witch Doctor |
| 37:00 | Wind Rider |
| 37:00 | Wind Rider |
| 37:16 | Spirit Walker |
| 37:26 | Potion of Mana |
| 37:26 | Lesser Clarity Potion |
| 37:29 | Scroll of Town Portal |
| 37:35 | Potion of Mana |
| 37:48 | Troll Berserker |
| 38:58 | Great Hall |
| 39:02 | Great Hall |
| 39:18 | Scroll of Town Portal |
| 39:21 | Endurance Aura |
| 39:32 | Scroll of Healing |
| 39:33 | Scroll of Healing |
| 40:03 | Watch Tower |
| 40:04 | Watch Tower |
| 40:07 | Bladestorm |
| 40:47 | Healing Wave |
| 41:02 | Endurance Aura |
| 42:18 | Goblin Shredder |
| 43:15 | Troll Berserker |
| 43:55 | Kodo Beast |
| 44:09 | Helm of Valor |
| 44:15 | Legion Doom-Horn |
| 44:21 | Amulet of Spell Shield |
| 44:43 | Claws of Attack +9 |
| 45:19 | Peon |
| 45:19 | Peon |
| 45:19 | Peon |
| 46:03 | Shaman |
| 46:03 | Troll Witch Doctor |
| 46:04 | Tauren |
| 46:22 | Wind Rider |
| 46:22 | Wind Rider |
| 46:23 | Wind Rider |
| 46:46 | Peon |
| 47:03 | Big Bad Voodoo |
| 47:49 | Mirror Image |
| 47:52 | Voodoo Lounge |
| 48:01 | Reincarnation |
| 48:49 | Wind Rider |
| 48:57 | Wind Rider |
| 48:59 | Shaman |
| 48:59 | Troll Witch Doctor |
| 49:01 | Tauren |
| 49:01 | Spirit Walker |
| 49:22 | Wind Rider |
| 49:25 | Potion of Mana |
| 49:25 | Lesser Clarity Potion |
| 49:29 | Wind Rider |
| 49:34 | Troll Witch Doctor |
| 50:28 | Tauren |
| 50:44 | Lesser Clarity Potion |
| 50:44 | Potion of Mana |
| 51:05 | Wind Rider |
| 51:50 | Peon |
| 52:18 | Tauren |
| 52:45 | Great Hall |
| 53:22 | Scourge Bone Chimes |
| 57:24 | Khadgar's Gem of Health |
| 57:45 | Wind Rider |
| 57:46 | Wind Rider |
| 57:50 | Troll Berserker |
| 58:57 | Wind Rider |
| 58:58 | Troll Berserker |
| 59:00 | Tauren |
| 59:00 | Tauren |
| Right click | 3835 |
| Select group | 2695 |
| Select | 2016 |
| Misc. action | 803 |
| Build/train/purchase | 485 |
| Chat | 479 |
| Use ability | 281 |
| Assign group | 134 |
| Item give/drop | 33 |
| Esc | 3 |
| Remove unit | 1 |
83 units @ 13.5k
/ 2.5k
63 buildings @ 9.4k
/ 5.1k



| Healing Salve | 1 | 100 |
| Lesser Clarity Potion | 4 | 280 |
| Orb of Lightning | 1 | 375 |
| Tiny Great Hall | 1 | 600 |
| Scroll of Speed | 1 | 50 |
| Potion of Mana | 4 | 800 |
| Scroll of Town Portal | 4 | 1400 |
| Boots of Speed | 1 | 250 |
| Legion Doom-Horn | 1 | 500 |
| Khadgar's Pipe of Insight | 1 | 500 |
| Belt of Giant Strength +6 | 1 | 400 |
| Medallion of Courage | 3 | 1500 |
| Pendant of Mana | 2 | 1200 |
| Boots of Quel'Thalas +6 | 1 | 400 |
| Amulet of Spell Shield | 2 | 1200 |
| Khadgar's Gem of Health | 1 | 600 |
| total: | 29 | 10155g |
| Peon | 20 | 1500 | / | 0 |
| Troll Headhunter | 6 | 840 | / | 120 |
| Troll Witch Doctor | 8 | 1160 | / | 200 |
| Tauren | 8 | 2240 | / | 640 |
| Kodo Beast | 3 | 765 | / | 180 |
| Spirit Walker | 3 | 585 | / | 105 |
| Raider | 1 | 180 | / | 40 |
| Shaman | 7 | 910 | / | 140 |
| Troll Batrider | 15 | 2400 | / | 600 |
| Troll Berserker | 4 | 560 | / | 80 |
| Wind Rider | 6 | 1590 | / | 240 |
| Goblin Shredder | 2 | 750 | / | 200 |
| total: | 83 | 13480g | / | 2545w |
| Watch Tower | 26 | 2860 | / | 2080 |
| Altar of Storms | 1 | 180 | / | 50 |
| Orc Burrow | 8 | 1280 | / | 320 |
| War Mill | 6 | 1230 | / | 0 |
| Barracks | 1 | 180 | / | 50 |
| Voodoo Lounge | 5 | 650 | / | 150 |
| Great Hall | 3 | 1155 | / | 555 |
| Spirit Lodge | 4 | 600 | / | 600 |
| Beastiary | 6 | 870 | / | 840 |
| Tauren Totem | 3 | 405 | / | 465 |
| Stronghold | 1 | 315 | / | 190 |
| Fortress | 1 | 325 | / | 190 |
| total: | 63 | 9410g | / | 5110w |
| 0:01 | Peon |
| 0:02 | Peon |
| 0:02 | Peon |
| 0:06 | Altar of Storms |
| 0:14 | Orc Burrow |
| 0:47 | Peon |
| 0:49 | War Mill |
| 0:57 | Peon |
| 1:10 | Barracks |
| 1:18 | Peon |
| 1:33 | Peon |
| 1:33 | Peon |
| 1:33 | Peon |
| 1:51 | Peon |
| 2:11 | Troll Headhunter |
| 2:15 | Mirror Image |
| 2:31 | Troll Headhunter |
| 2:33 | Stronghold |
| 2:43 | Orc Burrow |
| 3:05 | Voodoo Lounge |
| 3:30 | Steel Ranged Weapons |
| 3:36 | Troll Headhunter |
| 3:36 | Troll Headhunter |
| 3:58 | Critical Strike |
| 4:02 | Troll Headhunter |
| 4:19 | Healing Salve |
| 4:19 | Lesser Clarity Potion |
| 4:25 | Orc Burrow |
| 5:32 | Great Hall |
| 5:42 | Mirror Image |
| 5:57 | Healing Wave |
| 6:06 | Goblin Shredder |
| 6:07 | Goblin Shredder |
| 6:20 | Watch Tower |
| 6:34 | Troll Regeneration |
| 6:54 | Fortress |
| 7:22 | Troll Headhunter |
| 7:26 | Voodoo Lounge |
| 7:29 | Thorium Ranged Weapons |
| 7:50 | Orc Burrow |
| 7:54 | Hex |
| 8:08 | Reinforced Defenses |
| 8:09 | Steel Armor |
| 8:36 | War Mill |
| 8:38 | War Mill |
| 8:57 | Spirit Lodge |
| 8:59 | Spirit Lodge |
| 9:11 | Critical Strike |
| 9:39 | Berserker Upgrade |
| 9:58 | Peon |
| 9:58 | Peon |
| 9:58 | Peon |
| 9:58 | Peon |
| 10:04 | Arcanite Ranged Weapons |
| 10:08 | Watch Tower |
| 10:09 | Watch Tower |
| 10:18 | Witch Doctor Adept Training |
| 10:31 | Orb of Lightning |
| 10:42 | Tiny Great Hall |
| 10:49 | Scroll of Speed |
| 10:51 | Lesser Clarity Potion |
| 10:59 | Troll Witch Doctor |
| 10:59 | Troll Witch Doctor |
| 11:28 | Healing Wave |
| 11:35 | Peon |
| 11:35 | Peon |
| 11:35 | Peon |
| 11:35 | Peon |
| 11:43 | Scroll of Town Portal |
| 11:47 | Thorium Armor |
| 12:03 | Watch Tower |
| 12:03 | Watch Tower |
| 12:04 | Voodoo Lounge |
| 12:05 | Watch Tower |
| 12:06 | Watch Tower |
| 12:07 | Voodoo Lounge |
| 12:09 | Watch Tower |
| 12:24 | Endurance Aura |
| 12:45 | Watch Tower |
| 12:46 | Watch Tower |
| 13:15 | Great Hall |
| 13:16 | Watch Tower |
| 13:16 | Watch Tower |
| 13:21 | Arcanite Armor |
| 13:21 | Steel Melee Weapons |
| 13:22 | Spiked Barricades |
| 13:43 | War Stomp |
| 13:50 | Great Hall |
| 13:54 | Watch Tower |
| 13:55 | Watch Tower |
| 13:56 | Voodoo Lounge |
| 13:58 | Watch Tower |
| 14:08 | Beastiary |
| 14:08 | Beastiary |
| 14:10 | Watch Tower |
| 14:10 | Watch Tower |
| 14:11 | Watch Tower |
| 14:11 | Watch Tower |
| 14:12 | Watch Tower |
| 14:34 | Legion Doom-Horn |
| 14:34 | Khadgar's Pipe of Insight |
| 14:35 | Belt of Giant Strength +6 |
| 15:03 | Watch Tower |
| 15:03 | Watch Tower |
| 15:06 | Beastiary |
| 15:19 | Hex |
| 15:31 | Watch Tower |
| 15:31 | Watch Tower |
| 16:26 | Boots of Speed |
| 16:30 | Witch Doctor Master Training |
| 16:31 | Shaman Adept Training |
| 16:33 | Envenomed Spears |
| 16:34 | War Drums Damage Increase |
| 16:47 | Improved Spiked Barricades |
| 17:25 | Watch Tower |
| 17:27 | Watch Tower |
| 18:03 | Medallion of Courage |
| 18:09 | Pendant of Mana |
| 18:45 | Shaman Master Training |
| 18:48 | Orc Burrow |
| 18:48 | Orc Burrow |
| 19:28 | Critical Strike |
| 19:48 | Thorium Melee Weapons |
| 19:58 | War Mill |
| 20:19 | Beastiary |
| 20:22 | Spirit Lodge |
| 20:22 | Tauren Totem |
| 20:23 | Tauren Totem |
| 20:25 | Tauren Totem |
| 20:26 | Spirit Lodge |
| 20:28 | Medallion of Courage |
| 20:43 | War Stomp |
| 21:02 | Troll Witch Doctor |
| 21:47 | Spirit Walker Adept Training |
| 21:47 | Pulverize |
| 23:58 | Arcanite Melee Weapons |
| 24:17 | Boots of Quel'Thalas +6 |
| 24:45 | Medallion of Courage |
| 26:42 | Tauren |
| 26:45 | Kodo Beast |
| 26:54 | Spirit Walker |
| 26:54 | Raider |
| 26:55 | Shaman |
| 28:11 | Troll Witch Doctor |
| 28:48 | Potion of Mana |
| 28:48 | Potion of Mana |
| 28:55 | Amulet of Spell Shield |
| 28:58 | Pendant of Mana |
| 29:38 | Shaman |
| 30:36 | War Mill |
| 31:28 | Troll Witch Doctor |
| 31:51 | Troll Witch Doctor |
| 32:38 | Khadgar's Gem of Health |
| 34:17 | Tauren |
| 34:18 | Spirit Walker Master Training |
| 34:59 | Amulet of Spell Shield |
| 37:11 | Healing Wave |
| 37:18 | Endurance Aura |
| 37:46 | Shaman |
| 38:34 | Bladestorm |
| 38:52 | Tauren |
| 38:53 | Shaman |
| 38:56 | Troll Witch Doctor |
| 38:58 | War Stomp |
| 39:35 | War Mill |
| 40:05 | Scroll of Town Portal |
| 40:08 | Potion of Mana |
| 40:14 | Troll Batrider |
| 40:14 | Troll Batrider |
| 40:30 | Troll Batrider |
| 40:30 | Troll Batrider |
| 40:42 | Troll Batrider |
| 40:42 | Troll Batrider |
| 41:31 | Tauren |
| 41:34 | Peon |
| 41:34 | Peon |
| 41:37 | Troll Berserker |
| 41:37 | Troll Berserker |
| 41:51 | Beastiary |
| 41:55 | Troll Berserker |
| 41:57 | Tauren |
| 42:11 | Beastiary |
| 42:39 | Orc Burrow |
| 42:43 | Orc Burrow |
| 43:14 | Troll Batrider |
| 43:23 | Potion of Mana |
| 43:34 | Troll Batrider |
| 43:34 | Troll Batrider |
| 44:19 | Wind Rider |
| 44:20 | Wind Rider |
| 44:31 | Kodo Beast |
| 44:39 | Troll Berserker |
| 46:02 | Wind Rider |
| 46:07 | Big Bad Voodoo |
| 46:14 | Shaman |
| 47:45 | Troll Batrider |
| 47:48 | Troll Batrider |
| 47:59 | Reincarnation |
| 48:05 | Troll Batrider |
| 48:05 | Troll Batrider |
| 48:57 | Mirror Image |
| 49:20 | Troll Batrider |
| 50:24 | Troll Batrider |
| 50:29 | Spirit Walker |
| 51:42 | Tauren |
| 51:44 | Wind Rider |
| 51:55 | Scroll of Town Portal |
| 54:50 | Shaman |
| 55:41 | Tauren |
| 55:48 | Troll Witch Doctor |
| 55:51 | Shaman |
| 55:53 | Kodo Beast |
| 55:57 | Tauren |
| 56:12 | Spirit Walker |
| 56:17 | Lesser Clarity Potion |
| 56:21 | Lesser Clarity Potion |
| 56:23 | Scroll of Town Portal |
| 57:14 | Wind Rider |
| 59:04 | Wind Rider |
| 59:07 | Wind Walk |
| 59:47 | Hex |
| 59:48 | Endurance Aura |
| Right click | 2130 |
| Select | 1557 |
| Select group | 1161 |
| Use ability | 551 |
| Misc. action | 491 |
| Build/train/purchase | 322 |
| Assign group | 103 |
| Item give/drop | 34 |
| Chat | 20 |
| Esc | 9 |
| Minimap ping | 1 |
⇛